 Dungeon Crawl Stone Soup version 0.26-a0-812-g31a745ddcd (webtiles) character file.

Game seed: 3541556850063274824

498 kae the Insei (level 7, -5/34 HPs)
             Began as a Tengu Transmuter on Nov 18, 2020.
             Was an Initiate of Hepliaklqana.
             Splashed by Ijyb's acid (11 damage)
             ... on level 4 of the Dungeon.
             The game lasted 00:04:43 (6045 turns).

kae the Insei (Tengu Transmuter)                    Turns: 6045, Time: 00:04:43

Health: -5/34      AC: -2    Str: 13    XL:     7   Next: 16%
Magic:  10/11      EV: 24    Int: 13    God:    Hepliaklqana [......]
Gold:   129        SH:  0    Dex: 19    Spells: 1/10 levels left

rFire    . . .     SeeInvis .     - Unarmed
rCold    . . .     Faith    .   (shield currently unavailable)
rNeg     . . .     Spirit   .   (armour currently unavailable)
rPois    x         Reflect  .   (helmet currently unavailable)
rElec    .         Harm     .   (cloak currently unavailable)
rCorr    .         Rampage  .   (gloves currently unavailable)
MR       .....                  (boots unavailable)
Stlth    ++........             c - amulet of magic regeneration
HPRegen  0.11/turn              (no ring)
MPRegen  0.37/turn              (no ring)

@: spider-form, corroded, flying quickly and evasively, quick
A: tiny, reduced essence, able to fly
a: Stop Flying, End Transformation, Recall Ancestor, Ancestor Identity, Renounce
Religion


You were on level 4 of the Dungeon.
You worshipped Hepliaklqana.
Hepliaklqana was noncommittal.
You were a venomous arachnid creature.
You visited 2 branches of the dungeon, and saw 5 of its levels.

You collected 129 gold pieces.

Inventory:

Hand Weapons
 h - a +0 whip of flaming (melded)
Armour
 a - a +0 robe (melded)
 d - a +2 hat (melded)
Jewellery
 c - an amulet of magic regeneration (around neck)
Wands
 p - a wand of random effects (13)
 r - a wand of paralysis (2)
Scrolls
 j - 2 scrolls of teleportation
 o - a scroll of magic mapping
Potions
 b - a potion of degeneration
 i - a potion of flight
 k - 2 potions of ambrosia
 n - 4 potions of brilliance {unknown}
 q - a potion of haste {unknown}
 t - 2 potions of attraction {unknown}
 u - a potion of lignification {unknown}


   Skills:
 - Level 1.0 Fighting
 - Level 2.1 Dodging
 + Level 5.3 Unarmed Combat
 - Level 2.0 Spellcasting
 * Level 4.8 Transmutations
 - Level 2.5 Poison Magic


You had one spell level left.
You knew the following spells:

 Your Spells              Type           Power        Failure   Level
a - Beastly Appendage     Tmut           ##....       12%         1
b - Spider Form           Tmut/Pois      ##........   36%         3
c - Blade Hands           Tmut           ##........   85%         5

Your spell library contained the following spells:

 Spells                   Type           Power        Failure   Level
 Wereblood                Tmut           ##......     16%         2
 Ice Form                 Ice/Tmut       #.......     85%         4


Dungeon Overview and Level Annotations

Branches:
Dungeon (4/15)             Temple (1/1) D:4

Altars:
Ashenzari
Cheibriados
Dithmenos
Elyvilon
Fedhas
Gozag
Hepliaklqana
Kikubaaqudgha
Nemelex Xobeh
Okawaru
Qazlal
Ru
Sif Muna
Trog
Uskayaw
Vehumet
Wu Jian
Xom
Yredelemnul
Zin
The Shining One

Shops:
D:4 (

Annotations:
D:4 Ijyb


Innate Abilities, Weirdness & Mutations

((You have a beak for a mouth.))
((You have claws for feet.))
You can fly continuously.
Your life essence is reduced to manifest your ancestor. (-10% HP)


Message History

Really fly into a travel-excluded area?
Ijyb shouts!
Ijyb screams, "It's all mine!"
Ijyb zaps a wand.
The bolt of acid hits you!
You are splashed with acid!
The bolt of acid hits Bintanath!
Bintanath is splashed with acid.
The acid corrodes Bintanath!
You bite Ijyb!
Ijyb is moderately wounded.
You hit Ijyb but do no damage.
Ijyb is poisoned.
Ijyb is moderately wounded.
Ijyb barely misses you.
You swap places.
Ijyb hits Bintanath with a +0 club!
Bintanath hits Ijyb.
Ijyb barely misses Bintanath.
Bintanath hits Ijyb.
Bintanath barely misses Ijyb.
Ijyb zaps a wand.
The bolt of acid hits Bintanath!!
Bintanath is splashed with acid!
Bintanath is destroyed!
The bolt of acid hits you!
* * * LOW HITPOINT WARNING * * *
The acid corrodes you!
You are splashed with acid!
You die...

#################
###.........g...s.#
....######..#####.#
##### #..# #.# #..#
#.# #..# #.# #..#
#.# #### #.(# ##.#
...# #..# #<.# ##.#
###..# #.##


You could see Ijyb (poisoned).

Vanquished Creatures
  A sky beast (D:4)
  A phantom (D:4)
  An orc wizard (D:3)
  Jessica (D:2)
  An iguana (D:4)
  A worker ant zombie (D:4)
  4 gnolls
  8 adders
  An adder skeleton (D:4)
  3 worms
  2 dart slugs
  3 leopard geckos
  11 orcs
  2 ball pythons (D:3)
  5 bats
  4 giant cockroaches
  5 goblins
  5 hobgoblins
  7 jackals (D:3)
  6 frilled lizards
  5 kobolds
  9 rats
86 creatures vanquished.

Vanquished Creatures (collateral kills)
  2 gnolls (D:4)
  An orc (D:4)
3 creatures vanquished.

Vanquished Creatures (others)
  An ancestor (D:4)
1 creature vanquished.

Grand Total: 90 creatures vanquished

Notes
Turn   | Place    | Note
-------+----------+-------------------------------------------
     0 | D:1      | kae the Tengu Transmuter began the quest for the Orb.
     0 | D:1      | Reached XP level 1. HP: 12/12 MP: 4/4
    97 | D:1      | Reached XP level 2. HP: 5/16 MP: 4/6
  1013 | D:1      | Reached XP level 3. HP: 20/20 MP: 7/7
  1099 | D:2      | Noticed Jessica
  1106 | D:2      | Killed Jessica
  1106 | D:2      | Reached skill level 4 in Unarmed Combat
  1564 | D:1      | Learned a level 3 spell: Spider Form
  1617 | D:2      | Reached XP level 4. HP: 24/25 MP: 8/8
  2899 | D:2      | Gained mutation: You can fly continuously. [Tengu growth]
  2899 | D:2      | Reached XP level 5. HP: 24/29 MP: 5/9
  3032 | D:2      | Reached skill level 1 in Poison Magic
  4585 | D:3      | Reached XP level 6. HP: 34/34 MP: 7/10
  4713 | D:3      | Learned a level 5 spell: Blade Hands
  4756 | D:4      | Noticed Ijyb
  4890 | D:4      | Found a staircase to the Ecumenical Temple.
  4964 | Temple   | Entered the Ecumenical Temple
  5102 | Temple   | Became a worshipper of Hepliaklqana the Forgotten
  5309 | D:4      | Noticed a phantom
  5359 | D:4      | Killed a phantom
  5359 | D:4      | Reached skill level 5 in Unarmed Combat
  5585 | D:4      | Found Xethral's Antique Weapon Shop.
  5701 | D:4      | Noticed a sky beast
  5712 | D:4      | Killed a sky beast
  5712 | D:4      | Reached XP level 7. HP: 23/34 MP: 11/11
  6045 | D:4      | Splashed by Ijyb's acid

Illustrated notes

Levels and vault maps discovered:
D:1:      dpeg_arrival_shelter, layout_rooms, hangedman_decor_push, st_stairs_5
D:2:      layout_basic, uniq_jessica
D:3:      layout_loops_ring, feat_on_display
D:4:      layout_loops_ring, minmay_temple_entry_large_hall, serial_shops,
          nicolae_shop_crystal, uniq_ijyb
Temple:   nicolae_temple_the_god_donut

Skill      XL: |  1  2  3  4  5  6 |
---------------+-------------------+-----
Transmutations | 2 3 4 |  4.8
Unarmed Combat | 4 5 |  5.3
Poison Magic   | 2 |  2.5
Fighting       | |  1.0
Dodging        | |  2.1
Spellcasting   | |  2.0

Action                   |  1- 3 |  4- 6 |  7- 9 || total
-------------------------+-------+-------+-------++-------
Melee: Unarmed           |    36 |    94 |     2 ||   132
       Kick              |    11 |    25 |       ||    36
       Headbutt          |     3 |     8 |       ||    11
       Whip              |    29 |   116 |     3 ||   148
       Peck              |     2 |    15 |     1 ||    18
       Punch             |       |     3 |     1 ||     4
 Cast: Beastly Appendage |     5 |    17 |       ||    22
       Spider Form       |     1 |    12 |     1 ||    14
Invok: Recall Ancestor   |       |     1 |     1 ||     2
 Abil: Fly               |       |     1 |       ||     1
  Use: Scroll            |       |       |    10 ||    10
 Stab: Distracted        |       |     1 |       ||     1
Armor: Robe              |     8 |    12 |       ||    20
       Skin              |       |     6 |       ||     6
Dodge: Dodged            |    35 |   144 |     3 ||   182

Table legend: (Time is in decaauts)
 A = Elapsed time spent in this place.
 B = Non-inter-level travel time spent in this place.
 C = Inter-level travel time spent in this place.
 D = Time resting spent in this place.
 E = Time spent auto-exploring this place.
 F = Levels seen in this place.
 G = Mean time per level.
                   A        B        C        D        E       F      G
               +--------+--------+--------+--------+--------+-----+--------+
         Total |   5901 |   5754 |    147 |    100 |   4952 |   5 | 1180.2 |
       Dungeon |   5748 |   5639 |    109 |    100 |   4838 |   4 | 1437.0 |
        Temple |    153 |    116 |     37 |      0 |    114 |   1 |  153.0 |
               +--------+--------+--------+--------+--------+-----+--------+

Top non-repeatable levels by time:
     D:2: 1906 daAuts
     D:1: 1649 daAuts
     D:4: 1104 daAuts
     D:3: 1088 daAuts
  Temple: 153 daAuts
